 Dungeon Crawl Stone Soup version 0.28.0-1-gb440e238dd (webtiles) character file.

Game seed: 15288378169033619026

603 Zeldest the Caller (level 7, -8/35 (36) HPs)
             Began as a Vine Stalker Summoner on Feb 21, 2022.
             Was an Initiate of Cheibriados.
             Killed from afar by Maggie (18 damage)
             ... with a bolt of fire
             ... on level 6 of the Dungeon.
             The game lasted 00:18:41 (2761 turns).

Zeldest the Caller (Vine Stalker Summoner)          Turns: 2761, Time: 00:18:42

HP:   -8/35 (36)    AC:  6    Str: 16 (17) XL:     7   Next: 42%
MP:   0/11          EV: 11    Int: 18 (21) God:    Cheibriados [......]
Gold: 19            SH:  0    Dex: 13 (16) Spells: 4/10 levels left

rFire   . . .      SeeInvis .     - Unarmed
rCold   . . .      Faith    .   (no shield)
rNeg    . . .      Spirit   +   l - +0 ring mail of Repulsion {rCorr Int+3}
rPois   .          Reflect  .   (helmet restricted)
rElec   .          Harm     .   (no cloak)
rCorr   +          Rampage  .   r - +0 pair of gloves
Will    +....                   (no boots)
Stlth   +.........              (no amulet)
HPRegen 0.91/turn               n - +6 ring of strength
MPRegen 0.12/turn               (no ring)

@: lightly drained, very slow
A: fangs 2, regeneration 1, magic shield, antimagic bite, no potion heal 2,
antennae 1, strong-willed 1
a: Renounce Religion


You were on level 6 of the Dungeon.
You worshipped Cheibriados.
Cheibriados was noncommittal.
You visited 2 branches of the dungeon, and saw 7 of its levels.

You collected 194 gold pieces.
You spent 175 gold pieces at shops.

Inventory:

Armour
 l - the +0 ring mail of Repulsion (worn) {rCorr Int+3}
   (You found it on level 5 of the Dungeon)

   Int:       It affects your intelligence (+3).
   rCorr:     It protects you from acid and corrosion.
 r - a +0 pair of gloves (worn)
 t - the +1 leather armour of the Moon Troll {+Inv rElec rPois Slay-4}
   (You bought it in a shop on level 5 of the Dungeon)

   Slay:      It affects your accuracy & damage with ranged weapons and melee
   (-4).
   rElec:     It insulates you from electricity.
   rPois:     It protects you from poison.
   +Inv:      It lets you turn invisible.
Jewellery
 n - a +6 ring of strength (left hand)
Scrolls
 c - a scroll of fog
 e - a scroll of vulnerability
Potions
 g - 2 potions of curing
 h - a potion of cancellation
 i - a potion of magic


   Skills:
 + Level 3.5 Fighting
 - Level 1.5 Dodging
 - Level 2.4 Stealth
 + Level 3.8 Unarmed Combat
 - Level 2.1 Spellcasting
 + Level 5.7 Summonings
 + Level 2.1 Air Magic
 + Level 1.0 Invocations


You had 4 spell levels left.
You knew the following spells:

 Your Spells              Type           Power      Damage    Failure   Level
a - Call Imp              Summ           22%        N/A       4%          2
b - Call Canine Familiar  Summ           22%        N/A       10%         3
c - Summon Small Mammal   Summ           88%        N/A       3%          1

Your spell library contained the following spells:

 Spells                   Type           Power      Damage    Failure   Level
 Summon Guardian Golem    Hex/Summ       12%        N/A       30%         3
 Scorch                   Fire           2%         2d5       45%         2
 Summon Lightning Spire   Summ/Air       16%        N/A       54%         4
 Gell's Gravitas          Tloc           1%         N/A       71%         3
 Teleport Other           Tloc           1%         N/A       71%         3
 Flame Wave               Conj/Fire      1%         2d4       98%         4
 Summon Cactus Giant      Summ           11%        N/A       99%         6
 Dispersal                Tloc           0%         N/A       100%        6


Dungeon Overview and Level Annotations

Branches:
Dungeon (6/15)             Temple (1/1) D:5

Altars:
Ashenzari
Cheibriados
Dithmenos
Elyvilon
Hepliaklqana
Kikubaaqudgha
Nemelex Xobeh
Okawaru
Qazlal
Sif Muna
Trog
Xom
Zin

Shops:
D:5 [

Annotations:
D:3 2 transporters
D:5 Dowan, Duvessa
D:6 Maggie, Menkaure


Innate Abilities, Weirdness & Mutations

You have extremely sharp teeth.
Your natural rate of healing is unusually fast.
When hurt, damage is shared between your health and your magic reserves.
Your bite disrupts and absorbs the magic of your enemies.
Potions cannot restore your health.
You have a pair of small antennae on your head.
You are strong-willed. (Will+)


Message History

The ice beast barely misses your white imp.
As you read the scroll labelled ECVIRR CAUT, it crumbles to dust.
You feel aware of your surroundings.
You sensed 1 shop/portal.
It was a scroll of magic mapping.
Your white imp hits the ice beast.
Your white imp freezes the ice beast.
The ice beast completely resists.
The wight completely misses you.
The ice beast hits your white imp but does no damage.
Blink to where?
Press: ? - help, Dir - move target
As you read the scroll labelled DINICU QAFFYU, it crumbles to dust.
It was a scroll of blinking.
Your white imp misses the ice beast.
The kobold hits you but does no damage.
Casting: Call Imp (safe; 4% risk of failure)
Confirm with . or Enter, or press ? or * to list all spells.
Okay, then.
It was a potion of haste.
You feel yourself speed up.
Cheibriados forgives your accidental hurry, just this once.
The wight hits your white imp with a +0 dire flail!
Your white imp barely misses the ice beast.
Maggie mumbles some strange words.
Maggie attempts to bespell you!
You are mesmerised by Maggie!
The kobold hits you with a +2 dagger of protection.
* * * LOW HITPOINT WARNING * * *
You cannot move away from Maggie!
Your magical effects are unravelling.
You feel magically purged.
You feel yourself slow down.
You float gracefully downwards.
You break out of your daze.
You feel your willpower return.
The wight hits your white imp with a +0 dire flail!
Your white imp dies!
Your white imp disappears in a puff of smoke!
Maggie casts a spell at you.
The bolt of fire hits the kobold!!
The kobold dies!
The bolt of fire hits you!!
Ouch! That really hurt!
You die...

#.# #.#**#.#.#.# *,* *,***,* #.#
#.#*...#.#z# *** *** *** #.#
#.##.#####§### ..#
*,*#.,,,,#Y#!## *** ###
*,,.**,*,#F#((#***** *,,
**#.,,,*,#K##?....,*** *,,
#,,****#@#*?⌠..⌠,*,****,*
*##...,*,#)#**....,*,,,**,*
###****....,,*,#@# *,...,,,,,,+,,
.zz,,,,....,,,,#.#**....,*,,,**,,
###****#z.**,,,#.#*!⌠..⌠,*,****,*
#.z,,,,,#.##$....,*** *,*
#z#*****#.#[[#***** *,, #.#
#.#(## *,, ########<# #.### *,*
z........# #.## *****,*
####.##### #K@# *,,,,,*


You could see Maggie (weak-willed), an ice beast, a bullfrog, a wight and a
kobold (weak-willed).

Vanquished Creatures
  A scorpion (D:4)
  A hound (D:5)
  A bullfrog zombie (D:5)
  An iguana (D:5)
  An orc wizard (D:5)
  A gnoll (D:6)
  An adder (D:4)
  A shadow imp (D:5)
  3 orcs
  4 endoplasms
  A giant cockroach (D:2)
  2 goblins (D:3)
  3 hobgoblins
  7 ball pythons
  2 frilled lizards
  3 kobolds
  A rat (D:3)
34 creatures vanquished.

Vanquished Creatures (collateral kills)
  A black bear (D:3)
  A centaur (D:4)
  A kobold brigand (D:6)
  A scorpion (D:4)
  A hound (D:5)
  An orc wizard (D:3)
  A worm (D:2)
  A dart slug (D:3)
  4 orcs
  A bat (D:3)
  4 goblins
  3 hobgoblins
  2 quokkas (D:1)
  A ball python (D:1)
  2 kobolds
  A rat (D:3)
26 creatures vanquished.

Vanquished Creatures (others)
  3 kobolds (D:6)
  A fungus (D:1)
  A plant (D:1)
5 creatures vanquished.

Grand Total: 65 creatures vanquished

Notes
Turn   | Place    | Note
-------+----------+-------------------------------------------
     0 | D:1      | Zeldest the Vine Stalker Summoner began the quest for the
                  | Orb.
     0 | D:1      | Reached XP level 1. HP: 9/9 MP: 4/4
   156 | D:2      | Reached XP level 2. HP: 9/14 MP: 4/6
   159 | D:2      | Learned a level 2 spell: Call Imp
   348 | D:1      | Found a faded altar of an unknown god.
   494 | D:1      | Reached skill level 1 in Unarmed Combat
   519 | D:1      | Reached skill level 1 in Fighting
   669 | D:1      | Reached XP level 3. HP: 12/18 MP: 7/7
   899 | D:3      | Found a transporter.
   920 | D:3      | Found a transporter.
   999 | D:3      | Learned a level 3 spell: Call Canine Familiar
  1110 | D:3      | Gained mutation: Your natural rate of healing is unusually
                  | fast. [Vine Stalker growth]
  1110 | D:3      | Reached XP level 4. HP: 23/23 MP: 2/8
  1182 | D:3      | Noticed a black bear
  1196 | D:3      | Killed a black bear
  1197 | D:3      | Reached XP level 5. HP: 27/27 MP: 0/9
  1415 | D:4      | Reached skill level 5 in Summonings
  1503 | D:3      | Found a shimmering altar of Xom.
  1623 | D:4      | Noticed a centaur
  1637 | D:4      | Killed a centaur
  1638 | D:4      | Reached XP level 6. HP: 13/32 MP: 10/10
  1723 | D:4      | Reached skill level 1 in Air Magic
  1867 | D:5      | Entered Level 5 of the Dungeon
  1892 | D:5      | Found Moung's Antique Armour Emporium.
  2080 | D:6      | Reached XP level 7. HP: 34/36 MP: 7/11
  2118 | D:5      | Identified the +0 ring mail of Repulsion {rCorr Int+3}
  2144 | D:5      | Found a staircase to the Ecumenical Temple.
  2153 | Temple   | Entered the Ecumenical Temple
  2214 | Temple   | Became a worshipper of Cheibriados the Contemplative
  2529 | D:5      | Noticed Duvessa
  2529 | D:5      | Noticed Dowan
  2596 | D:5      | Bought a slimy leather armour for 175 gold pieces
  2596 | D:5      | Identified the +1 leather armour of the Moon Troll {+Inv
                  | rElec rPois Slay-4} (You bought it in a shop on level 5 of
                  | the Dungeon)
  2656 | D:6      | Noticed Menkaure
  2721 | D:6      | Noticed Maggie
  2732 | D:6      | Reached skill level 1 in Invocations
  2751 | D:6      | Identified a scroll of acquirement
  2751 | D:6      | Acquired a book of Scorching
  2755 | D:6      | Gained mutation: Your muscles are strong. (Str +2) [potion
                  | of mutation]
  2755 | D:6      | Gained mutation: You have a pair of small antennae on your
                  | head. [potion of mutation]
  2755 | D:6      | Lost mutation: Your muscles are strong. (Str +2) [potion of
                  | mutation]
  2755 | D:6      | Gained mutation: You are strong-willed. (Will+) [potion of
                  | mutation]
  2761 | D:6      | Killed from afar by Maggie

Illustrated notes

Levels and vault maps discovered:
D:1:      giann_bridges, layout_basic, serial_shops, shop,
          shapermc_ecumenical_altar_acropolis, minmay_tromino_v4_c
D:2:      layout_basic, chequers_serial_rivers_small_b
D:3:      gammafunk_steamed_eel, layout_basic, xom_butterflies, st_stairs_10
D:4:      minmay_wonky_spiral, layout_basic, corexii_checkpoint_a, minmay_vboxes
D:5:      layout_layer_cave, minmay_temple_entry_wispy, serial_shops, shop,
          uniq_duvessa
D:6:      wad_guarded_room, layout_loops_ring, serial_shops, kennysheep_mini,
          minmay_misc_feat_room, minmay_bent, uniq_menkaure, uniq_maggie
Temple:   minmay_crystal_spiral_temple

Skill      XL: |  1  2  3  4  5  6  7 |
---------------+----------------------+-----
Unarmed Combat | 1 2 3 |  3.8
Fighting       | 1 2 3 |  3.5
Summonings     | 5 |  5.7
Air Magic      | 1 2 |  2.1
Invocations    | 1 |  1.0
Dodging        | |  1.5
Stealth        | |  2.4
Spellcasting   | |  2.1

Action                   |  1- 3 |  4- 6 |  7- 9 || total
-------------------------+-------+-------+-------++-------
Melee: Unarmed           |    61 |    62 |    20 ||   143
       Bite              |    14 |    14 |     7 ||    35
       Punch             |     2 |     3 |     2 ||     7
 Cast: Summon Small Mamm |     6 |     2 |       ||     8
       Call Imp          |    18 |    14 |    11 ||    43
       Call Canine Famil |     1 |     7 |     6 ||    14
  Use: Scroll            |     1 |     1 |    11 ||    13
       Potion            |       |       |     7 ||     7
 Stab: Sleeping          |     3 |     6 |       ||     9
       Distracted        |     1 |     2 |     2 ||     5
Armor: Robe              |    11 |     7 |       ||    18
       Ring mail         |       |       |    11 ||    11
Dodge: Dodged            |    39 |    46 |    16 ||   101
